 Dungeon Crawl Stone Soup version 0.25.1-2-g60ff931df9 (webtiles) character file.

Game seed: 9971748997411501371

67 Delamore the Skirmisher (level 4, 0/29 HPs)
             Began as a Gargoyle Fighter on Sept 20, 2020.
             Slain by a gnoll
             ... wielding a +0 halberd
              (2 damage)
             ... on level 2 of the Dungeon.
             The game lasted 00:01:22 (1798 turns).

Delamore the Skirmisher (Gargoyle Fighter)          Turns: 1798, Time: 00:01:22

Health: 0/29       AC: 13    Str: 21    XL:     4   Next: 16%
Magic:  4/4        EV:  5    Int:  8    God:
Gold:   72         SH:  9    Dex:  9    Spells: 3/3 levels left

rFire    . . .     SeeInvis .   n - +2 whip (holy)
rCold    . . .     Gourm    .   c - +0 kite shield
rNeg     + . .     Faith    .   h - +0 chain mail
rPois    ∞         Spirit   .   (no helmet)
rElec    +         Reflect  .   (no cloak)
rCorr    .         Harm     .   g - +0 pair of gloves
MR       .....                  (no boots)
Stlth    ..........             (no amulet)
HPRegen  0.09/turn              (no ring)
MPRegen  0.09/turn              (no ring)

@: no status effects
A: negative energy resistance 1, electricity resistance, unbreathing,
petrification resistance, rot immunity, AC +3
a: no special abilities


You were on level 2 of the Dungeon.
You were not hungry.

You visited 1 branch of the dungeon, and saw 2 of its levels.

You collected 72 gold pieces.

Inventory:

Hand Weapons
 a - a +0 flail
 n - a +2 whip of holy wrath (weapon)
Armour
 b - a +0 scale mail
 c - a +0 kite shield (worn)
 g - a +0 pair of gloves (worn)
 h - a +0 chain mail (worn)
Scrolls
 e - 2 scrolls of remove curse {unknown}
 k - a scroll of fog {unknown}
 l - a scroll of amnesia {unknown}
Potions
 d - a potion of might
 i - a potion of lignification {unknown}
 j - a potion of degeneration {unknown}
 m - a potion of experience {unknown}
Comestibles
 f - 3 rations
 o - 3 chunks of flesh


   Skills:
 + Level 4.1 Fighting
 + Level 2.9 Maces & Flails
 - Level 3.2 Armour
 + Level 4.1 Shields


You had 3 spell levels left.
You didn't know any spells.
Your spell library was empty.

Dungeon Overview and Level Annotations

Branches:
Dungeon (2/15)

Altars:


Innate Abilities, Weirdness & Mutations

You are resistant to torment.
Your stone body is resilient. (AC +3)
You are immune to poison.
You resist negative energy. (rN+)
You are resistant to electric shocks. (rElec)
You can survive without breathing.
You are immune to petrification.
You are immune to rotting.


Message History

Your shield and chain mail prevent you from hitting the gnoll.
The gnoll is heavily wounded.
The gnoll hits you from afar with a +0 halberd.
* * * LOW HITPOINT WARNING * * *
The gnoll hits you but does no damage.
Okay, then.
A rat comes into view.
You hit the rat.
The rat is heavily wounded.
The gnoll barely misses you. The rat bites you but does no damage.
You completely miss the rat.
The rat is heavily wounded.
The gnoll hits you with a +0 whip.
* * * LOW HITPOINT WARNING * * *
The gnoll barely misses you. The rat barely misses you.
Your shield and chain mail prevent you from hitting the rat.
The rat is heavily wounded.
The gnoll hits you but does no damage.
The gnoll hits you from afar with a +0 halberd.
You die...

.....# ##.#####.# ###.##
......# ##.....##.# ##.#..#
.......####...##.##.#####...#.#
......g).g.....................
.......####..g.####.#####...#.#
....).# ##.gg.....# ##.#.#...
.....# ###g########.#.##...
#...# #g# ##.###..... ##+# #@#
#.## ##.... #r# ##.###.....
#########.# ##.#.##...
.......<..# #.#.#.#...
.#######..# #.###...## #..#
#.###.#.# #..# ##...##.## ...#
######... .#.## ####


You could see 4 gnolls, a goblin and a rat.

Vanquished Creatures
  2 gnolls (D:2)
  A worm (D:2)
  2 leopard geckos (D:1)
  2 bats (D:1)
  3 giant cockroaches
  3 goblins
  7 hobgoblins
  7 jackals (D:1)
  A ball python (D:2)
  A frilled lizard (D:1)
  3 kobolds (D:1)
  6 rats
38 creatures vanquished.

Notes
Turn   | Place    | Note
-------+----------+-------------------------------------------
     0 | D:1      | Delamore the Gargoyle Fighter began the quest for the Orb.
     0 | D:1      | Reached XP level 1. HP: 14/14 MP: 1/1
    35 | D:1      | Reached XP level 2. HP: 2/19 MP: 2/2
   864 | D:1      | Reached XP level 3. HP: 15/24 MP: 3/3
  1781 | D:2      | Reached XP level 4. HP: 17/29 MP: 4/4
  1798 | D:2      | Slain by a gnoll

Illustrated notes

Levels and vault maps discovered:
D:1:      minmay_arrival_shattered_statue, layout_basic, minmay_strange_pillars
D:2:      layout_loops_corners, marbit_many_paths, uniq_natasha

Skill      XL: |  1  2  3 |
---------------+----------+-----
Fighting       | 4 |  4.1
Shields        | 4 |  4.1
Maces & Flails | |  2.9
Armour         | |  3.2

Action                   |  1- 3 |  4- 6 || total
-------------------------+-------+-------++-------
Melee: Flail             |    86 |       ||    86
       Whip              |    36 |     9 ||    45
  Eat: Chunk             |     3 |       ||     3
Armor: Scale mail        |    89 |       ||    89
       Chain mail        |    14 |     7 ||    21
Dodge: Dodged            |    56 |     4 ||    60
Block: Kite shield       |    76 |     4 ||    80
